Unix NetHack Version 3.7.0-86 Work-in-progress - last build May 30 2023 11:53:40 (cc98dc9aa62a9957b082a042edf5bd7ec9f632c7,branch:master). Game began 2023-06-13 18:43:02, ended 2023-06-13 20:04:30. UmberConductor, neutral female human Tourist ---- .. .. . . . .- -.| --- |.| | --.---.---..---- | |.....G........| |..@..d.(<.......| ##h-.|....| ........- ----.--- - --- .| --- -- UmberConductor the Sightseer St:15 Dx:12 Co:18 In:13 Wi:7 Ch:15 Neutral S:1434 Dlvl:6 $:0 HP:0(43) Pw:19(19) AC:2 Xp:5/286 T:3906 Latest messages: Your lamp is now on. Wanwan misses the hobbit. You kill the hobbit! You see here a dagger. L - a dagger. You swap places with Wanwan. Wanwan suddenly falls asleep! You descend the stairs. Wanwan misses the dwarf. What do you want to use or apply? [nouKU or ?*] K Your lamp is now off. You hit the dwarf. Wanwan misses the dwarf. The dwarf wields a broad short sword! You miss the dwarf. Wanwan misses the dwarf. You miss the dwarf. Wanwan bites the dwarf. The dwarf thrusts her broad short sword at Wanwan. The dwarf hits Wanwan. You hit the dwarf. Wanwan bites the dwarf. The dwarf is killed! There are several objects here. You hit the gnome. Wanwan bites the gnome. The gnome is killed! There are several objects here. Wanwan eats a gnome corpse. The gnome zaps a marble wand! The wand hits you! You hear crashing rock. You hear some noises. You hear some noises in the distance. You hear a chugging sound. The gnome picks up a red gem. You hear some noises. You hit the gnome. The gnome hits! You hit the gnome. You miss the gnome. The gnomish wizard zaps a marble wand! The wand misses you. You kill the gnome! There are a few objects here. Wanwan misses the gnomish wizard. The dwarf swings her dwarvish mattock. The dwarf hits! You die... Do you want to see the dungeon overview? q Inventory: Weapons (')') a - 21 uncursed +2 darts (at the ready) d - 4 uncursed +0 daggers w - a blessed +0 dwarvish short sword (weapon in hand) B - an uncursed +0 elven dagger (alternate weapon; not wielded) L - an uncursed +0 dagger Armor ('[') k - an uncursed +0 pair of elven boots (being worn) m - an uncursed +0 Hawaiian shirt with a parrot motif (being worn) y - an uncursed +0 dwarvish cloak (being worn) A - a blessed +1 orcish helm (being worn) C - an uncursed +0 elven mithril-coat (being worn) H - an uncursed +0 mummy wrapping Comestibles ('%') b - 3 uncursed food rations c - 2 uncursed tripe rations g - an uncursed orange h - an uncursed carrot Rings ('=') e - an uncursed ring of conflict Tools ('(') n - an uncursed expensive camera (0:88) o - an uncursed credit card u - an uncursed leash K - a cursed magic lamp U - an uncursed sack containing 15 items Contents of the sack: 90 gold pieces an uncursed +0 dwarvish mattock an uncursed scroll of fire an uncursed scroll of identify a blessed scroll of magic mapping 2 uncursed scrolls of magic mapping 2 uncursed scrolls of remove curse an uncursed potion of gain energy an uncursed potion of hallucination an uncursed potion of healing an uncursed potion of water a cursed -1 ring of increase accuracy an uncursed worthless piece of orange glass an uncursed worthless piece of red glass 2 uncursed worthless pieces of white glass UmberConductor the Tourist's attributes: Background: You were a Sightseer, a level 5 female human Tourist. You were neutral, on a mission for The Lady who was opposed by Blind Io (lawful) and Offler (chaotic). You were in the Gnomish Mines, on level 6. You entered the dungeon 3906 turns ago. You had 286 experience points, 34 more were needed to attain level 6. Your score was 1434 before end-of-game adjustments. Basics: You had 0 out of 43 hit points. You had all 19 energy points (spell power). Your armor class was 2. Your wallet was empty, but you had 90 zorkmids stashed away in your pack. Autopickup was on for '$"?+!=/' plus thrown, with exceptions. Final Characteristics: Your strength was 15 (limit:18/100). Your dexterity was 12 (limit:18). Your constitution was 18 (limit:18). Your intelligence was 13 (limit:18). Your wisdom was 7 (limit:18). Your charisma was 15 (limit:18). Final Status: You were not hungry. You were unencumbered. You were wielding a short sword. You had basic skill with short sword. Final Attributes: You were piously aligned. You were telepathic. You were stealthy. You were guarded. You were fast. You are dead. Miscellaneous: You never encountered a bones level. Total elapsed playing time was 1 hour, 21 minutes and 28 seconds. Major events: Turn 1: UmberConductor the neutral female human Tourist entered the dungeon 1187: attained the rank of Sightseer (level 3) 1688: entered the Gnomish Mines 3906: killed by a dwarf Vanquished creatures: 2 small mimics a mountain nymph 2 rock piercers 2 gnome leaders a kobold mummy a gray ooze a little dog 3 floating eyes a kitten 3 dwarves 5 rothes 2 rabid rats 2 dwarf zombies 2 werejackals an iguana 3 hobbits 2 large kobolds 2 cave spiders 11 gnomes 2 garter snakes 4 geckos 5 jackals a fox 3 goblins a sewer rat 4 grid bugs 3 bats a lichen 5 newts 76 creatures vanquished. No species were genocided or became extinct. Voluntary challenges: You read items or engraved 4 times. You never engraved Elbereth. You never genocided any monsters. You never polymorphed an object. You never changed form. You used no wishes. Achievements: You entered a shop. You attained the rank of Sightseer. You entered the Gnomish Mines. The Dungeons of Doom: levels 1 to 6 Level 1: A fountain. Level 2: A general store. Level 3: A sink. Level 4: An altar to The Lady, a sink. Stairs down to The Gnomish Mines. Level 5: A general store, a fountain, a sink. Level 6: The Gnomish Mines: levels 5 to 6 Level 5: Level 6: <- You were here. Final resting place for you, killed by a dwarf. Game over: ---------- / \ / REST \ / IN \ / PEACE \ / \ | UmberConductor | | 90 Au | | killed by a | | dwarf | | | | | | 2023 | *| * * * | * _________)/\\_//(\/(/\)/\//\/|_)_______ Aloha UmberConductor the Tourist... You died in The Gnomish Mines on dungeon level 6 with 1434 points, and 90 pieces of gold, after 3906 moves. You were level 5 with a maximum of 43 hit points when you died.